 Dungeon Crawl Stone Soup version 0.29.1-1-gd02db6906a (webtiles) character file.

Game seed: 7134442871378758670

35 raincastle the Trooper (level 3, 0/29 HPs)
             Began as a Demonspawn Abyssal Knight on Sept 19, 2022.
             Was a Believer of Lugonu.
             Slain by Natasha (4 damage)
             ... on level 2 of the Dungeon.
             The game lasted 00:04:18 (907 turns).

raincastle the Trooper (Demonspawn Abyssal Knight)   Turns: 907, Time: 00:04:18

Health: 0/29       AC: 11    Str: 15    XL:     3   Next: 16%
Magic:  3/5        EV:  4    Int: 11    God:    Lugonu [**....]
Gold:   32         SH:  0    Dex: 13    Spells: 2/2 levels left

rFire   . . .      SeeInvis .   a - +1 mace
rCold   . . .      Faith    .   (no shield)
rNeg    . . .      Spirit   .   c - +0 plate armour
rPois   .          Reflect  .   (helmet restricted)
rElec   .          Harm     .   (no cloak)
rCorr   .          Rampage  .   (no gloves)
Will    .....                   (no boots)
Stlth   ..........              (no amulet)
HPRegen 0.09/turn               (no ring)
MPRegen 0.09/turn               (no ring)

@: slowed, very slow
A: horns 1
a: Renounce Religion, Depart the Abyss, Bend Space


You were on level 2 of the Dungeon.
You worshipped Lugonu.
Lugonu was pleased with you.
You visited 1 branch of the dungeon, and saw 2 of its levels.
You visited the Abyss 1 time.

You collected 32 gold pieces.

Inventory:

Hand Weapons
 a - a +1 mace (weapon)
Missiles
 e - 4 poisoned darts
Armour
 b - a +0 leather armour
 c - a +0 plate armour (worn)
Wands
 f - a wand of flame (28)
Scrolls
 g - a scroll of enchant armour {unknown}
 k - a scroll of magic mapping {unknown}
 l - 3 scrolls of identify {unknown}
 m - a scroll of blinking {unknown}
Potions
 d - a potion of mutation {unknown}
 h - a potion of flight {unknown}
 i - a potion of heal wounds {unknown}
 j - a potion of lignification {unknown}


   Skills:
 - Level 3.1 Fighting
 * Level 2.4 Maces & Flails
 + Level 2.3 Armour
 - Level 0.8 Dodging
 * Level 3.1 Invocations


You had 2 spell levels left.
You didn't know any spells.
Your spell library was empty.

Dungeon Overview and Level Annotations

Branches:
Dungeon (2/15)

Altars:

Annotations:
D:2 Natasha


Innate Abilities, Weirdness & Mutations

You have a pair of small horns on your head.


Message History

You kill the adder!
Lugonu accepts your kill. The goblin hits you but does no damage.
You have reached level 3!
Your experience leads to an increase in your attributes!
Increase (S)trength, (I)ntelligence, or (D)exterity?
You feel stronger. x2
You hit Natasha.
Natasha is moderately wounded.
Natasha stares at you and mumbles some strange words.
The magic dart hits you. The goblin hits you but does no damage.
Natasha claws you. The goblin hits you with a +0 club.
You hit Natasha.
Natasha is severely wounded.
Natasha mumbles some strange words.
The goblin hits you but does no damage.
You closely miss Natasha.
Natasha is severely wounded.
Natasha claws you but does no damage. The goblin hits you but does no damage.
Natasha attacks as you move away! Natasha claws you.
Natasha mumbles some strange words.
Natasha attacks as you move away! Natasha claws you but does no damage.
Natasha casts a spell at you.
You feel yourself slow down. Natasha attacks as you move away!
Natasha claws you. Natasha casts a spell at you. The magic dart hits you.
Space bends violently around you!
You blink.
Space bends violently around you!
You blink.
The goblin blinks!
The crimson imp blinks!
The goblin hits you with a +0 club.
* * * LOW HITPOINT WARNING * * *
The goblin hits you but does no damage.
You are too injured to fight recklessly!
You are too injured to fight recklessly!
You hit the goblin.
The goblin is severely wounded.
The goblin barely misses you. Natasha claws you.
* * * LOW HITPOINT WARNING * * *
The goblin hits you but does no damage. Natasha claws you.
You die...

#.###.### ###..
........#####..
.#......# #.# ##########
##.# ..###.#.#####.#
#... #.............####
##.# .........###.....#
#... #.###.#.## ##..#.#
#.## #..<....# #....# #.
# ####....##
##..#h####### #. #
...>.....###..##@g.....#
.. #
.###.#..#...####^#####.#
## # ........##### #.#
#†....<# ## .###.#.##
#.# #[.....# #. #.#.#
#.# .......# ## # #†#
#!# ..<....##### #.# #..
............. #.# ###
.......#####. ...
##...#.## #.


You could see Natasha and a goblin.

Vanquished Creatures
  2 adders (D:2)
  A dart slug (D:2)
  An endoplasm (D:2)
  A giant cockroach (D:1)
  A goblin (D:1)
  A hobgoblin (D:2)
  2 kobolds
  3 ball pythons
  A bat (D:2)
  2 frilled lizards (D:2)
  A rat (D:2)
16 creatures vanquished.

Notes
Turn   | Place    | Note
-------+----------+-------------------------------------------
     0 | Abyss:1  | raincastle the Demonspawn Abyssal Knight began the quest
                  | for the Orb.
     0 | Abyss:1  | Reached XP level 1. HP: 18/18 MP: 2/2
     1 | D:1      | Escaped the Abyss
   515 | D:2      | Gained mutation: You have a pair of small horns on your
                  | head. [demonic ancestry]
   515 | D:2      | Reached XP level 2. HP: 24/24 MP: 4/4
   889 | D:2      | Noticed Natasha
   894 | D:2      | Reached XP level 3. HP: 29/29 MP: 5/5
   907 | D:2      | Slain by Natasha

Illustrated notes

Levels and vault maps discovered:
D:1:      co_arrival_square_in_a_square_in_a_square, layout_rooms,
          hellmonk_ecumenical_altar_watching_god
D:2:      layout_loops_ring, uniq_natasha

Skill      XL: |  1  2 |
---------------+-------+-----
Maces & Flails | 2 |  2.4
Armour         | 2 |  2.3
Invocations    | 3 |  3.1
Fighting       | |  3.1
Dodging        | |  0.8

Action                   || total
-------------------------++-------
Melee: Mace              ||    38
       Headbutt          ||     5
       Punch             ||     1
Invok: Bend Space        ||     2
Armor: Plate armour      ||    43
Dodge: Dodged            ||     5
